 Dungeon Crawl Stone Soup version 0.28.0-43-g3370ac3207 (webtiles) character file.

Game seed: 7957038009022816705

8166 jjjjhere the Cleaver (level 11, -2/97 HPs)
             Began as a Deep Dwarf Fighter on Mar 19, 2022.
             Was an Elder of Makhleb.
             Slain by a komodo dragon (19 damage)
             ... on level 1 of the Lair of Beasts.
             The game lasted 00:19:31 (7973 turns).

jjjjhere the Cleaver (Deep Dwarf Fighter)           Turns: 7973, Time: 00:19:32

Health: -2/97      AC: 13    Str: 23    XL:     11   Next: 6%
Magic:  14/14 (5)  EV:  5    Int:  8    God:    Makhleb [****..]
Gold:   573        SH: 10    Dex: 14    Spells: 10/10 levels left

rFire   . . .      SeeInvis .   a - +0 war axe
rCold   . . .      Faith    .   v - +0 kite shield
rNeg    . . .      Spirit   .   k - +0 plate armour
rPois   .          Reflect  .   t - +0 helmet
rElec   .          Harm     .   (no cloak)
rCorr   .          Rampage  .   (no gloves)
Will    +....                   D - +0 pair of boots
Stlth   ..........              (no amulet)
HPRegen 0.00/turn               E - ring of magical power
MPRegen 0.14/turn               (no ring)

@: no status effects
A: damage resistance, heal wounds, sense surroundings 2, no regeneration
a: Heal Wounds, Renounce Religion, Minor Destruction, Lesser Servant of Makhleb,
Major Destruction


You were on level 1 of the Lair of Beasts.
You worshipped Makhleb.
Makhleb was greatly pleased with you.
You visited 3 branches of the dungeon, and saw 11 of its levels.
You also visited: Ossuary.

You collected 573 gold pieces.

Inventory:

Hand Weapons
 a - a +0 war axe (weapon)
Missiles
 u - 2 throwing nets
 G - 6 curare-tipped darts (quivered)
Armour
 k - a +0 plate armour (worn)
 t - a +0 helmet (worn)
 v - a +0 kite shield (worn)
 D - a +0 pair of boots (worn)
Jewellery
 E - a ring of magical power (left hand)
 H - a ring of positive energy
Wands
 c - a wand of mindburst (11)
 n - a wand of iceblast (12)
 x - a wand of polymorph (8)
Scrolls
 e - a scroll of enchant armour {unknown}
 f - a scroll of brand weapon
 g - 2 scrolls of teleportation
 l - 3 scrolls of amnesia
 p - a scroll of acquirement {unknown}
 q - 2 scrolls of noise {unknown}
 s - 7 scrolls of enchant weapon {unknown}
 w - a scroll of vulnerability {unknown}
 y - 3 scrolls of fog {unknown}
 F - 2 scrolls of immolation {unknown}
Potions
 b - 6 potions of curing
 d - 3 potions of might
 h - 5 potions of lignification
 i - 3 potions of cancellation
 j - 3 potions of mutation
 m - 3 potions of haste
 o - a potion of flight {unknown}
 r - a potion of attraction {unknown}
 z - 3 potions of heal wounds
 A - 2 potions of brilliance
 B - a potion of berserk rage {unknown}
 C - 2 potions of invisibility
 I - a potion of magic {unknown}


   Skills:
 - Level 5.8 Fighting
 * Level 13.9 Axes
 - Level 3.2 Armour
 + Level 8.0 Shields
 + Level 10.0 Invocations


You had 10 spell levels left.
You didn't know any spells.
Your spell library contained the following spells:

 Spells                   Type           Power      Damage    Failure   Level
 Blink                    Tloc           0%         N/A       100%        2
 Corpse Rot               Necr/Air       0%         N/A       100%        2
 Dazzling Flash           Conj/Hex       0%         N/A       100%        3
 Inner Flame              Hex/Fire       0%         N/A       100%        3
 Lesser Beckoning         Tloc           0%         N/A       100%        3
 Cause Fear               Hex            0%         N/A       100%        4
 Dispel Undead            Necr           0%         3d6       100%        4
 Fulminant Prism          Conj/Hex       0%         3d6       100%        4
 Iskenderun's Mystic Bla  Conj/Tloc      0%         2d3       100%        4
 Agony                    Necr           0%         N/A       100%        5
 Lee's Rapid Deconstruct  Erth           0%         3d5*      100%        5
 Manifold Assault         Tloc           0%         N/A       100%        5
 Silence                  Hex/Air        0%         N/A       100%        5
 Death Channel            Necr           0%         N/A       100%        6
 Discord                  Hex            0%         N/A       100%        8


Dungeon Overview and Level Annotations

Branches:
Dungeon (9/15)             Temple (1/1) D:4            Lair (1/6) D:9
Ossuary (visited)
    Orc: D:9-12

Altars:
Ashenzari
Cheibriados
Dithmenos
Elyvilon
Fedhas
Gozag
Hepliaklqana
Kikubaaqudgha
Makhleb
Nemelex Xobeh
Okawaru
Qazlal
Ru
Sif Muna
Trog
Uskayaw
Vehumet
Wu Jian
Xom
Yredelemnul
Zin

Shops:
D:5 (

Portals:
Abyss: D:3

Annotations:
D:3 2 transporters, 1 runed translucent door, Crazy Yiuf; Grinder; xzight's ghost, amateur GrFi


Innate Abilities, Weirdness & Mutations

You are resistant to damage.
You can heal yourself by infusing magical energy.
You passively map the area around you.
You do not regenerate.


Message History

You hit the komodo dragon but do no damage.
The komodo dragon bites you!!
You barely miss the komodo dragon. The komodo dragon bites you.
You closely miss the komodo dragon. You block the komodo dragon's attack.
You barely miss the komodo dragon. The komodo dragon barely misses you.
You hit the komodo dragon.
The komodo dragon is lightly wounded.
You hit the komodo dragon.
The komodo dragon is lightly wounded.
You block the komodo dragon's attack.
You slash the komodo dragon!
The komodo dragon is moderately wounded.
The komodo dragon bites you but does no damage.
You completely miss the komodo dragon.
The komodo dragon is moderately wounded.
The komodo dragon bites you!
You slash the komodo dragon!
The komodo dragon is heavily wounded.
You block the komodo dragon's attack.
You hit the komodo dragon.
The komodo dragon is heavily wounded.
The komodo dragon bites you!
You closely miss the komodo dragon.
The komodo dragon is heavily wounded.
The komodo dragon bites you!
* * * LOW HITPOINT WARNING * * *
You hit the komodo dragon.
The komodo dragon is heavily wounded.
The komodo dragon bites you but does no damage.
You hit the komodo dragon but do no damage.
The komodo dragon is heavily wounded.
The komodo dragon bites you but does no damage.
You hit the komodo dragon.
The komodo dragon is severely wounded.
The komodo dragon bites you!
* * * LOW HITPOINT WARNING * * *
You hit the komodo dragon.
The komodo dragon is severely wounded.
The komodo dragon bites you!!
You die...

* * , , #. *###....# , ,
...#....## ,** #....# ,
...#....# * , ##....# ,
......... * #P....+, ,
........#* ##....#, , ,*
,.......# * *#.....#*
+###....## ######....#* **
,,
.........###..###....#P##**
,,,,
..........l@.............
,, **
#.######..############### *
* ####


You could see a komodo dragon.

Vanquished Creatures
  2 two-headed ogres
  Pikel (D:8)
  Joseph (D:7)
  4 slime creatures (D:7)
  2 hornets
  A shadow (D:9)
  2 wyverns
  5 yaks (D:8)
  A steam dragon (D:9)
  3 water moccasins
  An ice beast (D:7)
  A black bear (D:4)
  3 orc warriors
  2 sky beasts
  3 necrophages
  3 centaurs
  An ogre (D:5)
  A kobold brigand (D:6)
  4 bullfrogs
  2 gnoll sergeants
  A scorpion (D:3)
  A water moccasin skeleton (D:6)
  A wyvern skeleton (D:7)
  6 killer bees (D:9)
  3 wights (D:9)
  A howler monkey (D:6)
  3 centaur zombies
  2 orc priests
  4 hounds
  2 jellies (D:5)
  An iron imp (D:4)
  4 orc wizards
  Natasha (twice) (D:3)
  4 iguanas
  A killer bee zombie (D:6)
  16 mummies
  4 howler monkey zombies
  16 gnolls
  6 adders
  A shadow imp (D:7)
  An ufetubus (D:6)
  2 worms
  A dart slug (D:4)
  24 orcs
  6 ball pythons
  10 endoplasms
  2 giant cockroaches (D:1)
  11 goblins
  8 hobgoblins
  4 jackals
  11 kobolds
  3 quokkas
  7 bats
  5 frilled lizards
  2 gnoll skeletons (Ossuary)
  A goblin skeleton (Ossuary)
  2 goblin zombies (D:7)
  2 hobgoblin zombies (D:4)
  3 kobold skeletons (Ossuary)
  A kobold zombie (D:4)
  2 orc skeletons (Ossuary)
  An orc zombie (D:4)
  6 rats
  11 rat skeletons (Ossuary)
248 creatures vanquished.

Vanquished Creatures (others)
  3 plants
  4 toadstools (D:1)
7 creatures vanquished.

Grand Total: 255 creatures vanquished

Notes
Turn   | Place    | Note
-------+----------+-------------------------------------------
     0 | D:1      | jjjjhere the Deep Dwarf Fighter began the quest for the
                  | Orb.
     0 | D:1      | Reached XP level 1. HP: 20/20 MP: 1/1
   117 | D:1      | Reached XP level 2. HP: 20/27 MP: 2/2
   301 | D:1      | HP: 9/28 [kobold/+1 dagger of flaming (1)]
   558 | D:1      | Reached skill level 3 in Axes
   726 | D:2      | HP: 8/28 [worm (1)]
   732 | D:2      | Reached XP level 3. HP: 9/34 MP: 3/3
   769 | D:2      | HP: 6/34 [frozen (3)]
  1192 | D:2      | Reached XP level 4. HP: 24/42 MP: 4/4
  1484 | D:2      | Reached skill level 4 in Axes
  1617 | D:3      | Found a transporter.
  1624 | D:3      | Found a one-way gate to the infinite horrors of the Abyss.
  1624 | D:3      | Noticed xzight's ghost (amateur GrFi)
  1636 | D:3      | Found a transporter.
  1654 | D:3      | Noticed an ancient zyme
  1655 | D:3      | Noticed a small abomination
  1659 | D:3      | Noticed an ogre
  1705 | D:3      | Found a runed translucent door.
  1706 | D:3      | Noticed Crazy Yiuf
  1869 | D:3      | Noticed a scorpion
  1880 | D:3      | HP: 13/42 [scorpion (2)]
  1882 | D:3      | Killed a scorpion
  1883 | D:3      | Reached XP level 5. HP: 15/49 MP: 5/5
  1908 | D:3      | Noticed Grinder
  2014 | D:3      | Found a broken altar of Ashenzari.
  2018 | D:3      | Reached skill level 5 in Axes
  2025 | D:3      | HP: 12/49 [orc priest/divine providence (12)]
  2088 | D:3      | Noticed Natasha
  2117 | D:3      | Killed Natasha
  2155 | D:3      | HP: 13/49 [orc priest/divine providence (11)]
  2383 | D:3      | Noticed Natasha
  2396 | D:3      | Killed Natasha
  2407 | D:3      | HP: 8/49 [Grinder/nerve-wracking pain (10)]
  2422 | D:3      | HP: 9/49 [Grinder/nerve-wracking pain (10)]
  2514 | D:4      | Reached skill level 6 in Axes
  2544 | D:4      | Noticed a black bear
  2545 | D:4      | Reached XP level 6. HP: 40/56 MP: 4/4
  2660 | D:4      | Found a shimmering blue altar of Sif Muna.
  2680 | D:4      | HP: 17/56 [worm (4)]
  2847 | D:4      | Found a snail-covered altar of Cheibriados.
  2887 | D:4      | Found a staircase to the Ecumenical Temple.
  2900 | Temple   | Entered the Ecumenical Temple
  2939 | Temple   | Became a worshipper of Makhleb the Destroyer
  2977 | D:4      | Noticed a wyvern
  2985 | Temple   | HP: 16/57 [wyvern (5)]
  2993 | Temple   | HP: 16/57 [wyvern (3)]
  2998 | Temple   | Killed a wyvern
  2999 | Temple   | Reached skill level 7 in Axes
  2999 | Temple   | Reached XP level 7. HP: 17/64 MP: 3/3
  3185 | D:4      | HP: 19/64 [gnoll/+0 flail (7)]
  3367 | D:4      | Found a sparkling altar of Nemelex Xobeh.
  3540 | D:5      | Entered Level 5 of the Dungeon
  3569 | D:5      | Reached skill level 1 in Invocations
  3711 | D:5      | Noticed a two-headed ogre
  3721 | D:5      | Killed a two-headed ogre
  3722 | D:5      | Reached skill level 5 in Fighting
  3722 | D:5      | Reached skill level 9 in Axes
  3722 | D:5      | Reached XP level 8. HP: 34/74 MP: 4/6
  3990 | D:5      | HP: 24/75 [ogre/+0 giant club (17)]
  3993 | D:5      | Reached skill level 5 in Invocations
  4009 | D:5      | Found Tam Raij's Antique Weapon Emporium.
  4276 | D:6      | Found an iron altar of Okawaru.
  4335 | D:6      | Reached skill level 10 in Axes
  4352 | D:6      | Gained mutation: You passively map the area around you.
                  | [Deep Dwarf growth]
  4352 | D:6      | Reached XP level 9. HP: 34/82 MP: 8/8
  4355 | D:6      | HP: 22/82 [iguana (6)]
  4363 | D:6      | HP: 20/82 [gnoll sergeant/+0 spear (8)]
  4364 | D:6      | Reached * piety under Makhleb
  4493 | D:6      | Found a blossoming altar of Fedhas.
  4873 | D:7      | Found a sand-covered staircase.
  4881 | Ossuary  | Entered an ossuary
  4955 | Ossuary  | Reached ** piety under Makhleb
  5010 | Ossuary  | HP: 25/82 [mummy (11)]
  5060 | Ossuary  | HP: 23/82 [mummy (9)]
  5065 | Ossuary  | HP: 26/82 [mummy (8)]
  5192 | Ossuary  | HP: 27/82 [mummy (1)]
  5278 | D:7      | HP: 24/82 [something (3)]
  5302 | D:7      | Reached skill level 11 in Axes
  5318 | D:7      | Reached skill level 5 in Shields
  5332 | D:7      | Noticed Joseph
  5339 | D:7      | HP: 22/82 [Joseph/+0 quarterstaff (11)]
  5344 | D:7      | HP: 23/82 [Joseph/+0 quarterstaff (9)]
  5346 | D:7      | Killed Joseph
  5471 | D:7      | Found a bloodstained altar of Trog.
  5887 | D:7      | Reached *** piety under Makhleb
  6008 | D:7      | HP: 22/82 [slime creature (10)]
  6043 | D:7      | HP: 21/82 [slime creature (7)]
  6045 | D:7      | Reached skill level 12 in Axes
  6045 | D:7      | Reached XP level 10. HP: 32/91 MP: 6/6
  6143 | D:8      | HP: 25/91 [howler monkey zombie (2)]
  6159 | D:8      | Noticed Pikel
  6172 | D:8      | HP: 8/91 [disintegration (19)]
  6184 | D:8      | Killed Pikel
  6205 | D:8      | HP: 25/91 [centaur/arrow (7)]
  6213 | D:8      | HP: 29/91 [yak (4)]
  6216 | D:8      | HP: 13/91 [centaur/arrow (4)]
  6237 | D:8      | HP: 29/91 [yak (2)]
  6248 | D:8      | HP: 19/91 [yak (6)]
  6265 | D:8      | HP: 26/91 [yak (5)]
  6617 | D:8      | Found a hide-covered altar of Uskayaw.
  6662 | D:8      | Found a stormy altar of Qazlal.
  6778 | D:8      | HP: 28/91 [hornet (5)]
  6781 | D:8      | Reached skill level 13 in Axes
  6804 | D:8      | Found a sacrificial altar of Ru.
  6865 | D:8      | HP: 27/91 [orc/+0 dagger of pain (2)]
  6877 | D:8      | HP: 25/91 [orc/+0 whip (3)]
  6920 | D:8      | Found a radiant altar of Vehumet.
  7141 | D:8      | HP: 26/87 [orc warrior/+7 flail (9)]
  7144 | D:8      | HP: 11/87 [orc warrior/+7 flail (9)]
  7211 | D:8      | Found a hazy altar of Hepliaklqana.
  7212 | D:8      | Found a faded altar of an unknown god.
  7296 | D:9      | HP: 1/89 [something (30)]
  7351 | D:9      | Reached **** piety under Makhleb
  7353 | D:9      | Identified the +5 dagger "Gofurapp" {protect, rF+ rCorr
                  | Stlth-}
  7390 | D:9      | Paralysed by a hornet for 3 turns
  7390 | D:9      | HP: 20/91 [hornet (12)]
  7590 | D:9      | Noticed a two-headed ogre
  7598 | D:9      | HP: 18/91 [two-headed ogre/+0 giant club (16)]
  7600 | D:9      | Killed a two-headed ogre
  7716 | D:9      | Reached XP level 11. HP: 28/97 MP: 7/7
  7718 | D:9      | HP: 27/97 [killer bee (1)]
  7723 | D:9      | HP: 24/97 [killer bee (3)]
  7734 | D:9      | HP: 22/97 [killer bee (3)]
  7850 | D:9      | Found a staircase to the Lair.
  7874 | D:9      | Reached skill level 10 in Invocations
  7926 | Lair:1   | Entered Level 1 of the Lair of Beasts
  7969 | Lair:1   | HP: 24/97 [komodo dragon (10)]
  7973 | Lair:1   | Slain by a komodo dragon

Illustrated notes

Levels and vault maps discovered:
D:1:      ldierk_walled_garden_2, layout_basic, minmay_pentomino_w4
D:2:      layout_loops_corners
D:3:      layout_basic, mainiacjoe_overflow_boulevard,
          gammafunk_ghost_abyssal_escape, uniq_grinder, uniq_crazy_yiuf_cottage,
          uniq_natasha
D:4:      layout_cave_pods, slow_altar_1, mainiacjoe_overflow_paths,
          nemelex_dance_club_becter, minmay_temple_entry_butterflies,
          minmay_crystal_water, minmay_mini_ossuary
D:5:      layout_loops_ring, serial_shops, nicolae_shop_trees, minmay_bent
D:6:      layout_basic, okawaru_trees_2, overflow_temple_1_default
D:7:      layout_basic, trog_hazing_becter, nicolae_ossuary_entry_giza,
          uniq_joseph
D:8:      layout_loops_corners, beargit_hepliaklqana_dungeon_heroes,
          eat_drink_and_be_merry_uskayaw, mainiacjoe_overflow_surrounded_room,
          mainiacjoe_overflow_concentric_impassable, amcnicky_altar_gilded,
          grunt_ministairs_7, uniq_pikel
D:9:      layout_roguey, lair_entry_dummy
Temple:   jpeg_temple_island
Lair:1:   layout_regular_city, grunt_forest_small_clearings,
          cheibrodos_lair_lostbears

Skill      XL: |  1  2  3  4  5  6  7  8  9 10 11 |
---------------+----------------------------------+-----
Fighting       | 3 4 5 |  5.8
Axes           | 3 4 6 7 9 10 12 13 | 13.9
Shields        | 4 6 7 8 |  8.0
Invocations    | 3 5 7 9 10 | 10.0
Armour         | |  3.2

Action                   |  1- 3 |  4- 6 |  7- 9 | 10-12 || total
-------------------------+-------+-------+-------+-------++-------
Melee: War axe           |   106 |   138 |   360 |   322 ||   926
Throw: Dart              |       |       |       |     3 ||     3
Invok: Minor Destruction |       |       |     1 |       ||     1
 Abil: Heal Wounds       |     1 |     8 |    15 |    15 ||    39
Evoke: Wand              |       |       |     4 |     3 ||     7
  Use: Scroll            |       |     6 |     3 |     2 ||    11
Armor: Scale mail        |    32 |       |       |       ||    32
       Chain mail        |    23 |     7 |       |       ||    30
       Plate armour      |       |    91 |   173 |   140 ||   404
Dodge: Dodged            |    51 |    48 |    74 |    53 ||   226
Block: Buckler           |    27 |    42 |    36 |       ||   105
       Kite shield       |       |       |    84 |   164 ||   248
